[Event "American Cup Women Champions 2024"]
[Site "Saint Louis"]
[Date "2024.03.13"]
[Round "1.3"]
[White "Abrahamyan, Tatev"]
[Black "Lee, Alice"]
[Result "1/2-1/2"]
[ECO "C43"]
[WhiteElo "2308"]
[BlackElo "2356"]
[Annotator "TA"]
[PlyCount "82"]
[EventDate "2024.03.11"]
[EventType "k.o."]
[EventCountry "USA"]
[SourceTitle "playchess.com"]
[Source "ChessBase"]
[SourceQuality "1"]
[TimeControl "5400+30"]

1. e4 e5 2. Nf3 Nf6 3. d4 Nxe4 4. dxe5 d5 5. Nbd2 Qd7 6. Be2 Nc6 7. O-O Be7 8. c3 O-O 9. Bd3 Qf5 10. Re1 Rd8 $1 11. Nf1 (11. Bxe4 $2 dxe4 12. Nd4 (12. Rxe4 $2 Qxe4 13. Qf1 Qg6 $19) 12... Nxd4 (12... Qxe5 13. Rxe4 Qg5 14. h4 $14) 13. cxd4 Rxd4 $19) 11... Nxe5 12. Ng3 (12. Nxe5 Qxf2+ (12... Qxe5 13. f3 $14) 13. Kh1 Qf6 $17) 12... Qf6 13. Nxe5 Qxe5 14. f3 Bc5+ 15. Be3 $132 {[%emt 0:00:11][%cal Bc1e3,Be3c5,Bc5e7][%mdl 2080] [#] Bxc5 would now be deadly. White has counterplay} Qg5 $1 16. Qc1 Nxg3 (16... Bxe3+ 17. Rxe3 f5 (17... Nxg3 $2 {too greedy.} 18. Re8+ Rxe8 19. Qxg5 $18) 18. fxe4 fxe4 19. Be2 $18) 17. Bxc5 Qxc1 18. Raxc1 Nf5 19. Re5 g6 20. g4 Ng7 21. Be7 {[%emt 0:14:21] A strong pair of Bishops.} Re8 22. Rce1 c6 23. Kf2 Bd7 24. Kg3 Ne6 25. Bd6 Nf8 26. f4 f6 27. Re7 Rxe7 28. Rxe7 Re8 29. f5 g5 30. Kf3 Rxe7 31. Bxe7 $11 {[%emt 0:00:02][%mdl 4096] Endgame. KBB-KBN} Kf7 32. Bd6 Bc8 33. Ke3 Nd7 34. Kd4 b6 35. b4 b5 36. Be2 Bb7 37. Bd3 a6 38. Be2 {[%emt 0:00:18][%mdl 1024] White has compensation.} Ba8 39. Bd3 Bb7 40. Be2 Ba8 41. Bd3 Bb7 {[%emt 0:00:26] Weighted Error Value: White=0.05 (flawless) /Black=0.02 (flawless) .  Inaccurate:     	---       	Black=1      OK:         	White=19    	Black=18     Best:        	White=2     	Black=6      Strong:       	---       	Black=1} 1/2-1/2

[Event "American Cup Women Champions 2024"]
[Site "Saint Louis"]
[Date "2024.03.13"]
[Round "1.3"]
[White "Yu, Jennifer"]
[Black "Tokhirjonova, Gulrukhbegim"]
[Result "1/2-1/2"]
[ECO "D45"]
[WhiteElo "2279"]
[BlackElo "2365"]
[Annotator "TA"]
[PlyCount "88"]
[EventDate "2024.03.11"]
[EventType "k.o."]
[EventCountry "USA"]
[SourceTitle "playchess.com"]
[Source "ChessBase"]
[SourceQuality "1"]
[TimeControl "5400+30"]

1. d4 Nf6 2. c4 e6 3. Nf3 d5 4. Nc3 c6 5. e3 Nbd7 6. Qc2 Bd6 7. b3 O-O 8. Be2 Re8 9. Bb2 b6 10. O-O Bb7 11. Rfd1 Qe7 12. h3 Rac8 13. a4 a5 14. e4 dxe4 15. Nxe4 Nxe4 16. Qxe4 Nf8 17. Qe3 c5 18. Rd3 Ng6 19. Ne5 Bxe5 (19... cxd4 $15 20. Nxg6 dxe3 21. Nxe7+ Bxe7) 20. dxe5 $11 Rcd8 21. Rad1 Rxd3 22. Rxd3 Rd8 {[%emt 0:00:32] Prevents Rd6} 23. g3 Bc6 24. h4 Rxd3 25. Bxd3 Qd7 26. f3 h6 27. Kf2 Qd8 28. Ke2 Ne7 29. g4 Ng6 30. Bxg6 fxg6 {[%emt 0:00:02][%mdl 4096] Endgame. KQB-KQB} 31. g5 hxg5 32. hxg5 Kf7 33. Bc3 Qh8 34. Qf4+ Ke7 35. Qd2 {[%emt 0:03:16] [#] Black must now prevent Qd6+.} Qh2+ 36. Ke3 Qxd2+ 37. Bxd2 {[%emt 0:00:04] KB-KB} Kd7 38. Bc3 Bb7 39. Be1 Bc6 40. Bc3 Bb7 41. Bd2 Bc6 42. Bc3 Bb7 43. Bd2 Bc6 44. Bc3 Bb7 {[%emt 0:00:26] An interesting draw.   Weighted Error Value: White=0.09 (flawless) /Black=0.06 (flawless) .  Mistake:       	---       	Black=1      Inaccurate:     	White=2     	---        OK:         	White=9     	Black=17} 1/2-1/2

[Event "American Cup Women Champions 2024"]
[Site "Saint Louis"]
[Date "2024.03.13"]
[Round "1.3"]
[White "Tang, Zoey"]
[Black "Krush, Irina"]
[Result "0-1"]
[ECO "E11"]
[WhiteElo "2253"]
[BlackElo "2421"]
[Annotator "TA"]
[PlyCount "72"]
[EventDate "2024.03.11"]
[EventType "k.o."]
[EventCountry "USA"]
[SourceTitle "playchess.com"]
[Source "ChessBase"]
[SourceQuality "1"]
[TimeControl "5400+30"]

1. d4 Nf6 2. c4 e6 3. Nf3 Bb4+ 4. Bd2 a5 5. a3 Bxd2+ 6. Qxd2 d6 7. Nc3 Nbd7 8. e4 e5 9. Be2 {[%emt 0:05:00] White is slightly better.} O-O 10. O-O Re8 11. b4 exd4 12. Qxd4 Qe7 13. Bd3 (13. Nd2 $11) 13... Ne5 $15 14. Nxe5 dxe5 15. Qe3 axb4 16. axb4 Rxa1 17. Rxa1 Qxb4 18. Be2 Qe7 19. h3 (19. Nd5 $15 Qd6 20. h3) 19... c6 $17 20. Na4 h6 21. Nb6 Be6 22. Ra5 (22. c5 $17 {might work better.}) 22... Qc7 (22... Qb4 $19 23. Ra3 Nxe4) 23. c5 Rd8 24. Ra7 ({White should play} 24. Ra4) 24... Rd4 25. Ba6 $2 {[%emt 0:06:31] [#]} (25. Bf3 $17) 25... Qe7 $19 (25... Nxe4 $2 26. Rxb7 Qd8 27. Ra7 Rd1+ (27... Nxc5 28. Ra8 $16) 28. Kh2 $19) (25... Rxe4 26. Ra8+ Kh7 27. Bd3 $16) 26. Rxb7 Qxc5 27. Kh2 Nxe4 $2 (27... Qc2 $19 {has better winning chances.} 28. Rc7 Qb1 (28... Qxe4 29. Qxe4 Nxe4 30. f3 $11) (28... Nxe4 $2 29. Nc8 $19) (28... Rxe4 $2 29. Bd3 $19)) 28. Bd3 $17 {[%emt 0:04:10] [#]} f5 29. Bxe4 fxe4 30. Qg3 (30. Nd7 $17 Bxd7 (30... Rxd7 31. Qxc5 Rxb7 32. Qxc6 $16) 31. Rxd7) 30... g5 $19 {[%emt 0:06:03] And now ...Rd3 would win.} 31. h4 $2 (31. Qe3) 31... Rd3 32. Na4 Qd4 33. Rb8+ Kf7 34. Rb7+ Kf6 {[%emt 0:01:33] Black mates.} 35. hxg5+ hxg5 36. f3 Rd1 {[%emt 0:00:05] Weighted Error Value: White=0.85/Black=0.21 (precise) .  Loses game:     	White=1     	---        Missed win:     	---       	Black=1      Mistake:       	White=6     	Black=1      Inaccurate:     	White=5     	Black=1      OK:         	White=7     	Black=10     Best:        	---       	Black=5} 0-1

[Event "American Cup Women Champions 2024"]
[Site "Saint Louis"]
[Date "2024.03.13"]
[Round "1.4"]
[White "Krush, Irina"]
[Black "Tang, Zoey"]
[Result "1-0"]
[ECO "A57"]
[WhiteElo "2421"]
[BlackElo "2253"]
[Annotator "TA"]
[PlyCount "79"]
[EventDate "2024.03.11"]
[EventType "k.o."]
[EventCountry "USA"]
[SourceTitle "playchess.com"]
[Source "ChessBase"]
[SourceQuality "1"]
[TimeControl "900+10"]

1. d4 Nf6 2. c4 c5 3. d5 b5 4. cxb5 a6 5. b6 Qxb6 6. Nc3 d6 7. e4 g6 8. Nf3 Bg7 9. a4 Bg4 10. a5 Qc7 11. Be2 Bxf3 12. Bxf3 O-O 13. O-O Nbd7 14. Be2 Rfb8 15. Qc2 e6 (15... Ne8 $11) 16. dxe6 $16 {[%emt 0:01:12] White is better.} fxe6 17. Bc4 Nf8 {[%emt 0:00:16] [#]} ({Black should play} 17... Re8) 18. e5 $1 dxe5 (18... Ng4 19. exd6) 19. Bg5 {[%emt 0:00:26] This pair of bishops is nice.} Rb4 20. b3 Rbb8 21. Bxf6 Bxf6 22. Ne4 Bg7 (22... Be7 $16 23. Qe2 Qc6) 23. Qe2 Qe7 (23... Rd8 $16 {might work better.} 24. Bxa6 Rd4) 24. Rfd1 $18 Rd8 25. Rxd8 (25. Bxa6 Rd4 26. Bc4 Nd7) 25... Qxd8 26. g3 (26. Bxa6 Ra7 27. h3 (27. Nxc5 Qd4 $16) 27... Qa8) (26. Nxc5 Qd4 27. Rc1 Rd8 $18 (27... Qxc5 $2 28. Bxe6+ Nxe6 29. Rxc5 $18)) 26... Kh8 27. h4 (27. Bxa6 Ra7 28. Ra4 (28. Nxc5 Qd4 $18) 28... h6 29. Nxc5 e4 30. Nxe4 h5 $18) (27. Nxc5 Qd4 28. Ra4 Qxc5 $19) 27... h6 28. h5 (28. Bxa6 Ra7 29. Ra2 (29. Nxc5 Qd4 $18) 29... Kg8 $18) (28. Nxc5 $2 Qd4 29. Ra2 Qxc5 $19) 28... g5 (28... gxh5 {was called for.} 29. Qxh5 (29. Nxc5 $2 {perishes.} Qd4 $19) 29... Nh7) 29. Bxa6 (29. Nxc5 $2 {too greedy.} Qd4 30. Ra4 Qxc5 $19) 29... Qd4 30. Rd1 (30. Ra4 $142 Qd7 31. Nxc5) 30... Qb4 {[%emt 0:00:11] Black is weak on the light squares} 31. Bc4 {[%emt 0:00:37] [#] Hoping for a6.} ({Weaker is} 31. Ra1 Nd7 32. Qc4 Nb8 $18) 31... Qxa5 32. Qe3 Rc8 33. Nd6 $36 {[%emt 0:00:35][%mdl 3072] White has strong compensation. White is really pushing.} Rb8 34. Ne4 {[%emt 0:00:13] White has more active pieces.} Rc8 $1 35. Nd6 ({White should try} 35. Rd6 $16) 35... Rc7 $2 (35... Rb8 $1 $11 {and Black has nothing to worry.}) 36. Ne8 {[%emt 0:00:13][%cal Oe8g7] Strongly threatening Nxg7!} Re7 37. Nxg7 Rxg7 (37... Kxg7 38. Qxe5+ Kf7) 38. Qxe5 {[%emt 0:00:05][%cal Oe5f6] And now Qf6! would win.} Qb6 39. Qf6 Nh7 40. Rd8+ {[%emt 0:00:05] Weighted Error Value: White=0.48/Black=0.82.  Loses game:     	---       	Black=1      Mistake:       	White=2     	Black=6      Inaccurate:     	White=2     	Black=3      OK:         	White=12    	Black=3      Best:        	White=2     	---        Strong:       	---       	Black=1} 1-0

[Event "American Cup Women Champions 2024"]
[Site "Saint Louis"]
[Date "2024.03.14"]
[Round "2.1"]
[White "Krush, Irina"]
[Black "Paikidze, Nazi"]
[Result "1-0"]
[ECO "E49"]
[WhiteElo "2421"]
[BlackElo "2319"]
[Annotator "TA"]
[PlyCount "68"]
[EventDate "2024.03.11"]
[EventType "k.o."]
[EventCountry "USA"]
[SourceTitle "playchess.com"]
[Source "ChessBase"]
[SourceQuality "1"]
[TimeControl "900+10"]

1. c4 e6 2. Nc3 d5 3. d4 Bb4 4. a3 Bxc3+ 5. bxc3 Nf6 6. e3 O-O 7. cxd5 exd5 8. Bd3 c5 9. Ne2 b6 10. O-O Ba6 11. f3 Re8 12. Ng3 Bxd3 13. Qxd3 Nc6 14. Bb2 Qd7 15. e4 dxe4 16. fxe4 {[%emt 0:00:00][%cal Of1f6] And now Rxf6! would win.} Ne5 (16... Qg4 $16) 17. Qe2 $18 Ng6 {[%emt 0:00:00] [#]} 18. Rxf6 gxf6 19. Nh5 Re6 (19... Kh8 20. Nxf6 Qd6 21. Nxe8 Rxe8) 20. d5 Rd6 21. c4 Ne5 22. h3 {[%emt 0:00:00] Wards off Qg4} Qe7 23. Rf1 Re8 24. Ng3 {[%emt 0:00:00][%cal Bh5g3,Bg3f5,Bf5h6,Bh6g4,Bg4e5,Be5c6][%mdl 32] Threatens to win with Nf5.} Qf8 25. Nf5 {[%emt 0:00:00][%cal Oe2h5] Qh5! is the strong threat.} Kh8 (25... b5 $142 26. cxb5 Rb6) 26. Qh5 b5 27. Nh6 Kg7 28. cxb5 {[%emt 0:00:00] aiming for Rf4.} c4 29. Ng4 Qe7 30. Nxe5 c3 31. Bxc3 {[%emt 0:00:00] White threatens Ng4 and mate.} Qc7 32. Nc6 {[%emt 0:00:00] White mates.} Rxe4 33. Qg5+ Kf8 34. Bxf6 Rf4 {[%emt 0:00:14] White took control after the opening.   Weighted Error Value: White=0.06 (flawless) /Black=0.94.  Mistake:       	---       	Black=2      OK:         	White=3     	Black=4      Best:        	White=4     	---        Brilliant:      	White=1     	---} 1-0

[Event "American Cup Women Champions 2024"]
[Site "Saint Louis"]
[Date "2024.03.14"]
[Round "2.1"]
[White "Tokhirjonova, Gulrukhbegim"]
[Black "Lee, Alice"]
[Result "0-1"]
[ECO "A14"]
[WhiteElo "2365"]
[BlackElo "2356"]
[Annotator "TA"]
[PlyCount "106"]
[EventDate "2024.03.11"]
[EventType "k.o."]
[EventCountry "USA"]
[SourceTitle "playchess.com"]
[Source "ChessBase"]
[SourceQuality "1"]
[TimeControl "900+10"]

1. c4 e6 2. g3 d5 3. Bg2 Nf6 4. Nf3 Be7 5. O-O O-O 6. b3 d4 7. Bb2 c5 8. e3 Nc6 9. exd4 cxd4 10. Re1 a5 {[%emt 0:00:00] A14: Reti-Eröffnung.} 11. Na3 Re8 12. d3 Bb4 13. Re2 e5 14. Nb5 Bg4 15. h3 $146 ({Predecessor:} 15. a3 Bf8 16. Qd2 Nd7 17. h3 Bf5 18. Rae1 Be7 19. Bc1 Bg6 20. Nh2 Nc5 21. Be4 Bxe4 22. Rxe4 Nxb3 {0-1 Feliz Dotel,D (2042)-Guzman,C (2286) DOM-ch Santo Domingo 2018 (1)}) 15... Bh5 16. a3 Bc5 17. g4 Bg6 18. Nh4 Nd7 19. Nxg6 hxg6 20. Qd2 Nf8 21. f4 Qd7 22. f5 gxf5 23. gxf5 Nh7 24. Rf1 Nf6 25. Bf3 e4 26. Bxe4 Nxe4 27. Rxe4 Rxe4 28. dxe4 Re8 29. Qg2 f6 30. Kh1 Qe7 31. Rf4 Rd8 32. Bc1 Ne5 33. Rf1 Nd3 34. Bd2 b6 35. Qf3 Ne5 36. Qg3 (36. Qh5 $142) 36... a4 $1 $17 (36... Bxa3 37. Bf4 Bc5 38. Bxe5 Qxe5 39. Qxe5 fxe5 40. Nc7) 37. Bh6 $2 (37. b4 $17 Nxc4 38. Qd3 Nxd2 39. Qxd2 Qxe4+ 40. Qg2) 37... axb3 $19 (37... Bxa3 38. Nxa3 (38. bxa4 Bc5 $17) 38... d3 39. Nb1 $18) 38. Rg1 g5 (38... Bxa3 $2 39. Bxg7 $18 (39. Qxb3 g5 $11) (39. Qxb3 g5 $15)) 39. fxg6 d3 (39... Bxa3 40. c5 (40. Qxb3 Bc5 $15) 40... d3 41. Nxa3 $16) (39... Nxc4 40. Qd3 Na5 (40... Nxa3 41. Qxb3+) (40... Qe6 $2 41. Nc7 $18) 41. Bf4 $17) 40. Rd1 Nxc4 (40... Bxa3 $2 41. Nxa3 Qxa3 42. Qf2 $19) 41. Nc3 b2 (41... Nxa3 42. Rxd3 b2 43. Rxd8+ Qxd8 44. Qg4 $11) (41... Bxa3 42. Qf4 b2 43. Qf5 $17 (43. Nd5 $2 Rxd5 44. exd5 Nd6 $19)) 42. Qf3 Ne5 (42... Bxa3 43. Qf5 Qe5 44. Rxd3 $19) (42... Qe5 $142 43. Qg4 d2 (43... Qxc3 44. Qe6+ Kh8 45. Qf7)) 43. Qg2 $2 (43. Qf5 {ist eine bessere Verteidigung.} Qd7 (43... Bxa3 44. Nd5 $16) 44. Qh5) 43... Qe6 $19 44. Nd5 {[%emt 0:00:02] [#]} (44. Nb1 $142) 44... Rxd5 $2 (44... d2 $1 $19 {[%mdl 512] Weiss muss nun ...Nd3 beachten.} 45. Rf1 (45. Bxd2 Rxd5) 45... Rxd5 (45... Bxa3 $2 46. Bxd2 Kg7 47. Nf4 $19) (45... Nc4 $2 46. Qf3 $19) 46. exd5 Qf5 47. Bxd2 b1=Q (47... b1=R $2 48. Be1 $19) 48. Rxb1 Qxb1+ 49. Kh2 Bg1+ (49... Qxg6 $2 50. Qxg6+ Nxg6 51. a4 $19) (49... Nxg6 $2 50. Bb4 $19) 50. Qxg1 Nf3+ (50... Qxg6 $2 51. Qxg6+ Nxg6 52. a4 $18) 51. Kg2 Nxg1 (51... Qxg1+ $2 52. Kxf3 Qf1+ 53. Ke4 $19)) 45. exd5 $17 Qf5 46. d6 {[%emt 0:01:18] [#]} Nf3 $1 47. d7 (47. Qxb2 $2 Qxh3+) 47... Be7 48. Qg4 $2 (48. Qxb2 $2 Qxh3+) (48. Qg3 Bd8 (48... Ne5 49. Rb1 $11) 49. Kg2) 48... Qd5 $19 49. Qg2 Qf5 $2 ({Vorzuziehen ist} 49... d2 $19 50. Qg3 (50. Bxd2 $2 Qd3 $19) 50... Bd8 (50... Bxa3 51. Qb8+)) 50. g7 $2 (50. Qxb2 $2 Qxh3+) (50. Qg4 $11 Qd5 51. Qg2) 50... d2 (50... Bxa3 51. d8=Q+ (51. d8=B $2 Nh4 $19) (51. d8=B $2 Nh4 $19)) 51. Qg3 (51. Qg4 $142 Qd5 (51... b1=B 52. Qc4+ Kh7 53. g8=Q+ Kxh6 54. Qh8+ Qh7 55. Qf4+ Ng5 56. Qh4+ Kg6 57. Q4xh7+ Nxh7 58. Qe8+ Kg5 59. Qxe7) 52. Qg3) 51... Bd8 $19 (51... b1=B 52. Qb8+ (52. Bxd2 $2 Be4 $19) (52. Bxd2 $2 Be4 $19)) 52. Qg4 {[%emt 0:00:13] [#]} Qd5 $1 ({Schlechter ist} 52... b1=B 53. Qc4+ (53. Bxd2 $2 {ist das falsche Schlagen.} Qd5 $19) 53... Kh7 54. g8=Q+ (54. g8=B+ $2 {zu gefräßig.} Kxh6 55. Qg4 Qe5 $19) 54... Kxh6 55. Qf8+ (55. Qxd8 $2 Qxh3#) (55. Qh8+ Qh7 56. Qxd8 Qg7 57. Rxb1 Kh7 58. Qd3+ Kh6 59. Qxf3 d1=Q+ 60. Rxd1 Qg5) 55... Kg6 56. Rg1+ (56. Qxd8 $2 Qxh3#) (56. Qcg8+ Kh5 57. Qh8+ Qh7 58. Qxd8 Qxh8 59. Qxh8+ Kg5 60. d8=Q Kf4 61. Qh6+ Kg3) 56... Nxg1 57. Qfg8+ Kh5 58. Qh8+ (58. Kxg1 $2 d1=Q+ 59. Kh2 Qf2+ 60. Qg2 Qdg1#) 58... Qh7 59. Qg4+ (59. Qxd8 Be4+ 60. Kh2 Nf3+ 61. Kg3 Qg7+ 62. Kf4 Qg5+ 63. Kxe4 Qe5+ 64. Kxf3 d1=Q+ 65. Kg2 Qd2+ 66. Kg1 Qeh2+ 67. Kf1 Qh1#) 59... Kh6 60. Qh4+ Kg6 61. Q8xh7#) 53. Qg2 b1=Q 0-1

[Event "American Cup Women Champions 2024"]
[Site "Saint Louis"]
[Date "2024.03.15"]
[Round "2.2"]
[White "Lee, Alice"]
[Black "Tokhirjonova, Gulrukhbegim"]
[Result "1-0"]
[ECO "E04"]
[WhiteElo "2356"]
[BlackElo "2365"]
[Annotator "TA"]
[PlyCount "99"]
[EventDate "2024.03.11"]
[EventType "k.o."]
[EventCountry "USA"]
[SourceTitle "playchess.com"]
[Source "ChessBase"]
[SourceQuality "1"]
[TimeControl "900+10"]

1. d4 d5 2. c4 e6 3. Nf3 Nf6 4. g3 dxc4 5. Bg2 Bb4+ 6. Bd2 a5 7. Qc2 c5 8. Qxc4 b6 9. a3 {[%emt 0:00:44] The position is equal.} Ba6 10. Qc2 Bxd2+ 11. Nbxd2 Nbd7 (11... cxd4 $11 12. Nxd4 Ra7) 12. Rd1 ({White should play} 12. dxc5 $1 $14 bxc5 13. Nc4) 12... Rc8 $11 {[%emt 0:00:20] Black wants to play ...cxd4.} 13. Ne4 Nxe4 14. Qxe4 O-O 15. dxc5 Nxc5 (15... Rxc5 {with more complications.} 16. b4 axb4 17. axb4 Rc4) 16. Qe3 $1 Qe8 17. O-O Qa4 18. Nd4 Rfd8 {[%emt 0:00:27] [#]} (18... Bb7 $1 $11) 19. b4 (19. Bc6 $1 $16 Qc4 (19... Rxc6 $2 20. b3 $18) 20. Bf3 (20. b3 Nxb3 21. Qxb3 Rxd4 $11)) 19... e5 (19... axb4 $11 {keeps the balance.} 20. axb4 Bb7) 20. Qxe5 $16 Re8 21. Qd6 axb4 {[%emt 0:01:26] Loses the game.} (21... Ne6 $16) 22. axb4 $18 ({Don't play} 22. Qxb6 $6 Ne6 $18) ({Not} 22. Bc6 Rxc6 23. Qxc6 (23. Nxc6 bxa3 24. Nd4 g6 $14) 23... Qxc6 24. Nxc6 b3 $16 (24... Bxe2 $2 25. Rfe1 $18) (24... bxa3 25. Ra1 $16)) 22... Qxb4 23. Nc6 Qb2 24. Ne7+ Rxe7 25. Qxe7 {[%emt 0:00:02] Threatening mate with Rd8+.} g6 26. Bf3 Bc4 27. Rb1 Qd4 (27... Qg7 {might work better.} 28. Rxb6 Qc3) 28. Rfd1 Qc3 29. Rd8+ (29. Rbc1 $142 Qb3 30. Rd8+ Rxd8 31. Qxd8+ Kg7 32. Qd4+ Kh6 33. Qxc4) 29... Rxd8 30. Qxd8+ Kg7 31. Qxb6 Nb3 32. Qe3 {[%emt 0:00:13] Repels Nd2} Qxe3 33. fxe3 {[%emt 0:00:03][%mdl 4096] Endgame. KRB-KBN} Be6 34. Rd1 Nc5 35. Bd5 Bg4 36. Rc1 Nd7 37. Kf2 Ne5 38. Ke1 h5 39. Rc7 Kf6 40. Kd2 g5 41. e4 h4 42. gxh4 gxh4 43. Ke3 Bh3 44. Ra7 Ng4+ 45. Kf4 Nxh2 46. e5+ {[%emt 0:00:15] White mates.} Kg6 47. Bxf7+ Kh6 48. e6 Kg7 49. Kg5 Bf1 50. Bh5+ {[%emt 0:00:06] Weighted Error Value: White=0.24 (precise) /Black=0.50.  Mistake:       	White=3     	Black=5      Inaccurate:     	---       	Black=4      OK:         	White=15    	Black=6      Best:        	White=3     	Black=4      Strong:       	White=1     	---} 1-0

[Event "American Cup Women Champions 2024"]
[Site "Saint Louis"]
[Date "2024.03.15"]
[Round "2.2"]
[White "Paikidze, Nazi"]
[Black "Krush, Irina"]
[Result "0-1"]
[ECO "A46"]
[WhiteElo "2319"]
[BlackElo "2421"]
[Annotator "TA"]
[PlyCount "82"]
[EventDate "2024.03.11"]
[EventType "k.o."]
[EventCountry "USA"]
[SourceTitle "playchess.com"]
[Source "ChessBase"]
[SourceQuality "1"]
[TimeControl "900+10"]

1. d4 Nf6 2. Nf3 e6 3. g3 b5 4. Bg2 Bb7 5. O-O Be7 6. c4 bxc4 7. Qa4 O-O 8. Qxc4 {[%emt 0:00:02] The position is equal.} d5 9. Qb3 Ba6 10. Nc3 Nbd7 11. Qa4 Bb7 12. b4 Nb6 13. Qb3 a5 $36 {[%emt 0:00:03][%mdl 2048] Black fights for an advantage.} 14. bxa5 Rxa5 15. Ne5 Nfd7 16. Nd3 Ba6 17. Qc2 {[%emt 0:00:44] [#]} (17. a4 $15) 17... c5 ({Black should play} 17... Bf6 $1 18. Rd1 Bxd4) 18. dxc5 $17 Nxc5 19. Nb4 (19. a4 $142) 19... Bb7 20. Rb1 Qc7 (20... Qa8 $142 21. Nd3 Nc4 22. Nxc5 Rxc5 (22... Bxc5 23. e4 $17)) 21. Rd1 Rc8 {[%emt 0:00:23] And now ...Ncd7 would win.} 22. a3 (22. Bd2 $17) 22... Ncd7 $19 23. Rb3 {[%emt 0:01:27] [#]} (23. Nba2 $142) 23... Bf6 $1 24. Bd2 (24. Bf4 {was worth a try.} Qd8 25. Be3) 24... Rc5 25. Nd3 Rc4 ({Don't take} 25... Rxc3 26. Bxc3 d4 (26... Bxc3 27. Rc1 $17) 27. Bxb7 Qxb7 28. a4 $19) (25... Bxc3 26. Nxc5 Bxd2 27. Qxd2 Nxc5 (27... Qxc5 $2 28. Qb4 $19) 28. Rbb1 $19) 26. Rc1 (26. Nb2 $142 Rc6 (26... Rxc3 $2 27. Bxc3 Bxc3 28. Rc1 $19) (26... Bxc3 $2 27. Nxc4 Bxd2 28. Qxd2 $19) 27. Rc1) 26... d4 27. Nb5 Rxc2 28. Nxc7 Rxc1+ ({Inferior is} 28... Rxd2 29. Bxb7 Rd8 30. Bc6 $14) 29. Bxc1 Bxg2 30. Kxg2 Rxc7 31. Bf4 Rc3 {[%emt 0:00:14] Black is clearly winning.} 32. Rb5 Rxa3 33. Nc5 h6 34. Bd6 Ra2 35. Kf3 Nxc5 36. Rxb6 Na4 37. Rb8+ Kh7 38. Rb7 Kg6 {[%emt 0:00:02] ...Nc3 is the strong threat.} 39. h4 h5 {[%emt 0:00:01] Threatens to win with ...Nc3.} 40. Rb1 {[%emt 0:00:31] [#]} Rxe2 $3 41. Bb4 (41. Rg1 Rc2) 41... Rb2 {[%emt 0:00:10] Weighted Error Value: White=0.45/Black=0.11 (very precise) .  Mistake:       	White=6     	Black=2      Inaccurate:     	White=2     	Black=1      OK:         	White=10    	Black=17     Best:        	White=1     	Black=1} 0-1

[Event "American Cup Women Champions 2024"]
[Site "Saint Louis"]
[Date "2024.03.15"]
[Round "2.3"]
[White "Lee, Alice"]
[Black "Tokhirjonova, Gulrukhbegim"]
[Result "1-0"]
[ECO "E12"]
[WhiteElo "2356"]
[BlackElo "2365"]
[Annotator "TA"]
[PlyCount "65"]
[EventDate "2024.03.11"]
[EventType "k.o."]
[EventCountry "USA"]
[SourceTitle "playchess.com"]
[Source "ChessBase"]
[SourceQuality "1"]
[TimeControl "900+10"]

1. d4 Nf6 2. c4 e6 3. Nf3 b6 4. a3 Bb7 5. Nc3 Be7 6. d5 O-O 7. e4 d6 8. Bd3 a5 (8... exd5 $11 {keeps the balance.} 9. cxd5 (9. exd5 c6 $14) 9... a6) 9. Nd4 $16 Qd7 10. Bc2 {[%emt 0:00:00] White is more active.} c5 11. Ndb5 {[%emt 0:00:00] White is better.} exd5 12. exd5 Ng4 (12... Na6 $16 {was necessary.} 13. O-O Nc7 14. Nxc7 Qxc7) 13. Bf4 Ne5 14. O-O f5 15. Re1 Ng6 16. Qd2 Qd8 {[%emt 0:00:00] [#]} 17. Rxe7 $1 Nxe7 18. Nxd6 Ba6 19. Re1 Ra7 20. Ndb5 Rd7 {[%emt 0:00:00] [#]} 21. Bc7 $1 Rxc7 22. Nxc7 Qxc7 (22... Bc8 23. Qg5 Ng6 24. Qxd8 Rxd8) 23. d6 $18 Qd8 24. Rxe7 (24. dxe7 $2 {loses.} Qxd2 25. e8=Q Rxe8 $19 (25... Qxc2 26. Qe6+ Kh8 27. Qf7 $17) (25... Bxc4 $2 26. Qe3 $19)) 24... Bxc4 25. Qf4 Bf7 26. Qxf5 g6 27. Qf4 {[%emt 0:02:38] aiming for Ne4.} Nc6 {[%emt 0:00:00] [#]} 28. Qf6 {[%emt 0:04:38][%cal Oc3d5] Strongly threatening Nd5!} Nd4 {[%emt 0:01:01] [#]} (28... Nxe7 29. dxe7) 29. Ne4 $1 Ne6 {[%emt 0:12:38] Inhibits Ng5.} (29... Nc6 30. Ng5) 30. Bb3 c4 31. Bxc4 Qc8 32. Qxe6 (32. Bxe6 $2 Qc1#) (32. Nd2 $142 Nd8 33. d7) 32... Qxc4 33. Nf6+ {[%emt 0:00:00] Black got outplayed after the opening.   Weighted Error Value: White=0.31/Black=0.98.  Mistake:       	---       	Black=2      Inaccurate:     	White=1     	Black=4      OK:         	White=6     	Black=2      Best:        	White=1     	---} 1-0